 Dungeon Crawl Stone Soup version 0.28.0 (webtiles) character file.

Game seed: 13233589418309497094

182 browni3141 the Chopper (level 5, -10/70 HPs)
             Began as a Minotaur Berserker on Feb 17, 2022.
             Was a Follower of Trog.
             Mangled by a gnoll (13 damage)
             ... on level 3 of the Dungeon.
             The game lasted 00:00:51 (2104 turns).

browni3141 the Chopper (Minotaur Berserker)         Turns: 2104, Time: 00:00:52

Health: -10/70     AC:  3    Str: 29    XL:     5   Next: 34%
Magic:  4/4        EV: 12    Int:  4    God:    Trog [*.....]
Gold:   170        SH:  0    Dex: 10    Spells: 4/4 levels left

rFire   . . .      SeeInvis .   a - +0 hand axe
rCold   . . .      Faith    .   (no shield)
rNeg    . . .      Spirit   .   b - +0 animal skin
rPois   .          Reflect  .   (helmet restricted)
rElec   .          Harm     .   (no cloak)
rCorr   .          Rampage  .   k - +0 pair of gloves
Will    .....                   (no boots)
Stlth   ..........              (no amulet)
HPRegen 0.21/turn               S - +6 ring of strength
MPRegen 0.09/turn               (no ring)

@: berserking, very quick
A: horns 2, retaliatory headbutt
a: Renounce Religion, Berserk


You were on level 3 of the Dungeon.
You worshipped Trog.
Trog was aware of your devotion.
You visited 1 branch of the dungeon, and saw 3 of its levels.

You collected 170 gold pieces.


Innate Abilities, Weirdness & Mutations

You have a pair of horns on your head.
You reflexively headbutt those who attack you in melee.


   Skills:
 + Level 4.8 Fighting
 * Level 5.8 Axes
 + Level 3.9 Armour
 - Level 2.1 Dodging


You had 4 spell levels left.
You didn't know any spells.
Your spell library was empty.

Inventory:

Hand Weapons
 a - a +0 hand axe (weapon)
Armour
 b - a +0 animal skin (worn)
 j - a scarf of harm
 k - a +0 pair of gloves (worn)
Jewellery
 S - a +6 ring of strength (left hand)
Scrolls
 c - 2 scrolls of identify {unknown}
 d - a scroll of enchant armour {unknown}
 e - 4 scrolls of teleportation {unknown}
 i - a scroll of noise {unknown}
Potions
 f - 3 potions of mutation {unknown}
 g - 2 potions of flight {unknown}
 h - a potion of magic {unknown}
 l - a potion of attraction {unknown}

Dungeon Overview and Level Annotations

Branches:
Dungeon (3/15)

Altars:
Wu Jian

Shops:
D:1

= #..##...#.##.####...###
#.... #..##......#.# #...#
#####
#..##.#.#..#.####...#########
#..##.#.#...................#
#..##.#.#....####.#.#######.#
...##.#.##.#.# #............
... #.# #.#)# ###.#######.#
#.#)# #.# #.# #@# #.# #.# #o#
#.. #.# g.. ### #.# .#.## ...
#.#.# #.. . ..# ### ## ###


You could see a gnoll and an orc.


Message History

You kill the gnoll!
Trog accepts your kill. The gnoll closely misses you.
You closely miss the orc. The orc hits you with a +0 whip.
* * * LOW HITPOINT WARNING * * *
The gnoll completely misses you.
You barely miss the orc. The orc hits you but does no damage.
The gnoll barely misses you.
You closely miss the orc. The orc hits you with a +0 whip.
* * * LOW HITPOINT WARNING * * *
The gnoll completely misses you.
You hit the orc but do no damage. The orc hits you with a +0 whip.
* * * LOW HITPOINT WARNING * * *
The gnoll hits you from afar with a +0 halberd!
* * * LOW HITPOINT WARNING * * *
A red film seems to cover your vision as you go berserk!
You feel yourself moving faster!
You feel mighty! The orc closely misses you. The gnoll barely misses you.
You hit the orc.
The orc is heavily wounded.
The orc closely misses you.
The gnoll hits you from afar with a +0 halberd.
* * * LOW HITPOINT WARNING * * *
You are too injured to fight recklessly!
You slash the orc!
You kill the orc!
Trog accepts your kill.
You barely miss the orc.
The gnoll hits you from afar with a +0 halberd!
You die...

Skill      XL: |  1  2 |
---------------+-------+-----
Axes           | 4 5 |  5.8
Fighting       | 4 |  4.8
Armour         | 3 |  3.9
Dodging        | |  2.1

Action                   |  1- 3 |  4- 6 || total
-------------------------+-------+-------++-------
Melee: Hand axe          |    37 |    21 ||    58
       Headbutt          |     5 |     3 ||     8
Invok: Berserk           |     1 |     1 ||     2
Armor: Animal skin       |     9 |     3 ||    12
Dodge: Dodged            |    28 |    15 ||    43

Levels and vault maps discovered:
D:1:      dpeg_arrival_pits, layout_basic, serial_shops, shop_coins
D:2:      layout_rooms, basic_altar, nrook_loot_triangle
D:3:      layout_basic

Notes
Turn   | Place    | Note
-------+----------+-------------------------------------------
     0 | D:1      | browni3141 the Minotaur Berserker began the quest for the
                  | Orb.
     0 | D:1      | Reached XP level 1. HP: 19/19 MP: 0/0
   265 | D:1      | Found Bacirapros's Jewellery Boutique.
   436 | D:1      | Reached skill level 4 in Axes
   436 | D:1      | You fall into a shaft and drop 1 floor!
   442 | D:2      | Reached XP level 2. HP: 23/27 MP: 1/1
   668 | D:2      | Found an ornate altar of the Wu Jian Council.
  1199 | D:1      | Reached skill level 4 in Fighting
  1199 | D:1      | Reached skill level 3 in Armour
  1640 | D:3      | Noticed an ogre
  1645 | D:3      | Killed an ogre
  1646 | D:3      | Reached skill level 5 in Axes
  1646 | D:3      | Reached XP level 3. HP: 34/34 MP: 2/2
  1646 | D:3      | Reached XP level 4. HP: 41/41 MP: 3/3
  2089 | D:3      | Reached XP level 5. HP: 29/47 MP: 4/4
  2102 | D:3      | HP: 3/70 [gnoll (6)]
  2104 | D:3      | Mangled by a gnoll

Vanquished Creatures
  An ogre (D:3)
  An orc priest (D:3)
  2 gnolls
  2 adders (D:3)
  A dart slug (D:2)
  5 orcs (D:3)
  3 endoplasms
  3 hobgoblins
  2 quokkas (D:1)
  4 ball pythons
  A bat (D:1)
  A kobold (D:1)
  2 rats (D:1)
28 creatures vanquished.

Table legend: (Time is in decaauts)
 A = Elapsed time spent in this place.
 B = Non-inter-level travel time spent in this place.
 C = Inter-level travel time spent in this place.
 D = Time resting spent in this place.
 E = Time spent auto-exploring this place.
 F = Levels seen in this place.
 G = Mean time per level.
                   A        B        C        D        E       F      G
               +--------+--------+--------+--------+--------+-----+--------+
         Total |   2119 |   2111 |      8 |     55 |   1823 |   3 |  706.3 |
       Dungeon |   2119 |   2111 |      8 |     55 |   1823 |   3 |  706.3 |
               +--------+--------+--------+--------+--------+-----+--------+

Top non-repeatable levels by time:
     D:1: 1095 daAuts
     D:2: 545 daAuts
     D:3: 478 daAuts

Table legend:
 A = Non-vault XP
 B = Vault XP
 C = Vault XP percentage of total XP
 D = Non-vault monster count
 E = Vault monster count
 F = Vault count percentage of total count
                 A         B        C        D         E       F
            +---------+---------+-------+---------+---------+-------
      Total |     260 |       0 |   0.0 |      28 |       0 |   0.0
            +---------+---------+-------+---------+---------+-------
        D:1 |      27 |       0 |   0.0 |      10 |       0 |   0.0
        D:2 |      12 |       0 |   0.0 |       6 |       0 |   0.0
        D:3 |     221 |       0 |   0.0 |      12 |       0 |   0.0
            +---------+---------+-------+---------+---------+-------
